 Dungeon Crawl Stone Soup version 0.26.1-11-gd32895ea62 (webtiles) character file.

Game seed: 1408770330971495674

7739 Almogavar the Thaumaturge (level 11, -6/56 HPs)
             Began as a Deep Elf Conjurer on May 6, 2021.
             Was a Follower of Sif Muna.
             Mangled by a vampire (12 damage)
             ... on level 9 of the Dungeon.
             The game lasted 00:45:31 (11889 turns).

Almogavar the Thaumaturge (Deep Elf Conjurer)      Turns: 11889, Time: 00:45:32

Health: -6/56      AC: 14    Str:  4    XL:     11   Next: 0%
Magic:  0/29       EV: 16    Int: 27    God:    Sif Muna [*.....]
Gold:   786        SH:  0    Dex: 19    Spells: 29/35 levels left

rFire    . . .     SeeInvis .   w - +4 quarterstaff (chaos)
rCold    . . .     Faith    .   (shield currently unavailable)
rNeg     . . .     Spirit   +   K - +2 leather armour {Will+}
rPois    .         Reflect  .   l - +2 hat
rElec    .         Harm     .   x - +1 cloak
rCorr    .         Rampage  .   (no gloves)
Will     ++...                  J - +0 pair of boots
Stlth    +++.......             I - amulet of guardian spirit
HPRegen  0.18/turn              t - +6 ring of dexterity
MPRegen  0.21/turn              i - +4 ring of protection

@: no status effects
A: no striking features
a: Renounce Religion, Channel Magic


You were on level 9 of the Dungeon.
You worshipped Sif Muna.
Sif Muna was aware of your devotion.
You visited 2 branches of the dungeon, and saw 11 of its levels.

You collected 786 gold pieces.

Inventory:

Hand Weapons
 n - a +0 short sword of speed
 v - a +2 spectral quarterstaff
 w - a +4 quarterstaff of chaos (weapon)
 H - the +5 falchion of Drought {vorpal, +Blink rF+}
   (You found it on level 7 of the Dungeon)

   It inflicts extra damage upon your enemies.
   It protects you from fire.
   It lets you blink.
Armour
 a - a +0 kite shield
 f - a +0 cloak
 l - a +2 hat (worn)
 r - a +0 buckler
 x - a +1 cloak (worn)
 J - a +0 pair of boots (worn)
 K - a +2 leather armour of willpower (worn)
Magical Staves
 e - an uncursed staff of poison
Jewellery
 b - an uncursed ring of resist corrosion
 i - a +4 ring of protection (right hand)
 t - a +6 ring of dexterity (left hand)
 B - a +6 ring of dexterity
 I - an amulet of guardian spirit (around neck)
Wands
 h - a wand of paralysis (4)
 q - a wand of acid (6)
 y - a wand of polymorph (26)
 M - a wand of flame (12)
Scrolls
 c - 3 scrolls of amnesia
 d - 2 scrolls of enchant weapon
 j - 2 scrolls of remove curse
 k - a scroll of magic mapping
 s - a scroll of immolation
 u - a scroll of enchant armour {unknown}
 G - a scroll of fear {unknown}
 L - a scroll of torment {unknown}
 O - a scroll of blinking {unknown}
Potions
 g - 5 potions of haste
 o - 2 potions of curing
 p - 3 potions of flight
 z - a potion of brilliance {unknown}
 A - a potion of invisibility {unknown}
 D - 3 potions of ambrosia {unknown}
 E - a potion of attraction {unknown}
 F - 4 potions of lignification {unknown}


   Skills:
 + Level 1.3 Fighting
 - Level 0.2 Short Blades
 + Level 2.7 Staves
 + Level 4.2 Armour
 + Level 7.0 Dodging
 + Level 6.4 Stealth
 + Level 12.5 Spellcasting
 + Level 11.6 Conjurations
 + Level 2.0 Hexes


You had 29 spell levels left.
You knew the following spells:

 Your Spells              Type           Power        Failure   Level
a - Magic Dart            Conj           100%         1%          1
b - Searing Ray           Conj           100%         1%          2
c - Dazzling Flash        Conj/Hex       100%         1%          3

Your spell library contained the following spells:

 Spells                   Type           Power        Failure   Level
 Fulminant Prism          Conj/Hex       26%          3%          4
 Hailstorm                Conj/Ice       48%          4%          4
 Iskenderun's Mystic Bla  Conj/Tloc      48%          4%          4
 Freeze                   Ice            64%          5%          1
 Frozen Ramparts          Ice            32%          17%         3
 Ozocubu's Armour         Ice            16%          17%         3
 Summon Ice Beast         Ice/Summ       16%          50%         4


Dungeon Overview and Level Annotations

Branches:
Dungeon (10/15)            Temple (1/1) D:7             Orc (0/2) D:9
   Lair: D:8-11

Altars:
Ashenzari
Cheibriados
Dithmenos
Elyvilon
Fedhas
Gozag
Hepliaklqana
Kikubaaqudgha
Makhleb
Nemelex Xobeh
Okawaru
Qazlal
Ru
Sif Muna
Trog
Uskayaw
Vehumet
Wu Jian
Xom
Yredelemnul
Zin
The Shining One

Shops:
D:7 }   D:8 =(


Message History

You feel much better.
You hear some strange, mumbled words.
Something tries to affect you, but you resist.
You sock something! You burn something. Something completely misses you.
Something bites you.
Something draws strength from your injuries!
Something hits you. Something bites you but does no damage.
You closely miss something. Something hits you!
* * * LOW HITPOINT WARNING * * *
Something barely misses you. Something hits you.
* * * LOW HITPOINT WARNING * * *
Something bites you.
* * * LOW HITPOINT WARNING * * *
Something draws strength from your injuries!
As you read the scroll labelled KUWIUT ZUUMP, it crumbles to dust.
The creatures around you are filled with an inner flame!
It was a scroll of immolation.
Something hits you.
* * * LOW HITPOINT WARNING * * *
Something bites you!
You die...

.......#......#.....+..........#.
.......#......#...(.#..........#.
...>...'......'.....######.....#.
##.....#......#..........#.....##
.##....#......#..........#.....#.
>#.....#......#..........'.....#.
.#.....#.....[#..........#.....#.
.#.....#......#..........#.....#.
###....#......##@..#####+#.....##
..#....#.......##{####...##......
..'..>.#.......#...#......#......
..#....#.......#...#......#......
..#....#.......#...#......#......
..#....#.......#...'......#......
##.....'.......#...#......+......
#.....#.......#.#####'####......
#######.....###.#.......####'#..


There were no monsters in sight!

Vanquished Creatures
  Harold (D:8)
  Erica (D:9)
  Psyche (D:8)
  A rime drake (D:10)
  A hornet (D:8)
  14 yaks
  4 wargs
  3 ice beasts
  A phantom (D:7)
  4 orc warriors
  3 ogres
  3 centaurs
  A big kobold (D:8)
  3 bullfrogs
  A scorpion (D:4)
  3 killer bees (D:8)
  A centaur zombie (D:10)
  A quasit (D:7)
  A bullfrog zombie (D:9)
  6 hounds
  2 jellies
  4 orc priests
  2 centaur skeletons
  Crazy Yiuf (D:4)
  6 orc wizards
  2 iguanas
  7 worker ants
  A hound zombie (D:5)
  A hound skeleton (D:4)
  A worker ant zombie (D:8)
  8 adders
  3 white imps
  An ufetubus (D:7)
  An ooze (D:3)
  3 worms
  5 leopard geckos
  25 orcs
  A ball python (D:6)
  5 giant cockroaches
  4 goblins
  6 hobgoblins
  13 jackals
  12 kobolds
  5 quokkas
  4 bats
  6 frilled lizards
  A quokka skeleton (D:4)
  A quokka zombie (D:5)
  5 rats
190 creatures vanquished.

Vanquished Creatures (others)
  2 fungi (D:4)
2 creatures vanquished.

Grand Total: 192 creatures vanquished

Notes
Turn   | Place    | Note
-------+----------+-------------------------------------------
     0 | D:1      | Almogavar the Deep Elf Conjurer began the quest for the
                  | Orb.
     0 | D:1      | Reached XP level 1. HP: 10/10 MP: 6/6
   256 | D:1      | You fall into a shaft and drop 1 floor!
   324 | D:2      | Reached XP level 2. HP: 15/15 MP: 5/8
   804 | D:2      | Learned a level 2 spell: Searing Ray
   854 | D:2      | Reached skill level 5 in Conjurations
  1031 | D:2      | Reached XP level 3. HP: 19/19 MP: 3/9
  1764 | D:2      | Found a bloodstained altar of Trog.
  2375 | D:3      | Reached XP level 4. HP: 24/24 MP: 8/11
  2948 | D:4      | Found a blossoming altar of Fedhas.
  3010 | D:4      | Reached skill level 4 in Spellcasting
  3010 | D:4      | Reached XP level 5. HP: 28/28 MP: 7/13
  3309 | D:4      | Found a runed translucent door.
  3310 | D:4      | Noticed Crazy Yiuf
  3462 | D:4      | Reached skill level 5 in Spellcasting
  3676 | D:4      | Reached XP level 6. HP: 33/33 MP: 6/15
  3828 | D:4      | Reached skill level 1 in Staves
  3956 | D:4      | Killed Crazy Yiuf
  3998 | D:5      | Entered Level 5 of the Dungeon
  4797 | D:5      | Reached skill level 6 in Spellcasting
  4797 | D:5      | Reached XP level 7. HP: 37/37 MP: 11/18
  5555 | D:6      | Reached skill level 7 in Spellcasting
  5856 | D:6      | Found an iron altar of Okawaru.
  5864 | D:6      | Reached XP level 8. HP: 42/42 MP: 15/21
  6589 | D:7      | Reached skill level 8 in Spellcasting
  6892 | D:7      | Got a faintly glowing falchion
  6893 | D:7      | Identified the +5 falchion of Drought {vorpal, +Blink rF+}
                  | (You found it on level 7 of the Dungeon)
  6948 | D:7      | Found Toatoutz's Gadget Emporium.
  7090 | D:7      | Found a staircase to the Ecumenical Temple.
  7097 | Temple   | Entered the Ecumenical Temple
  7172 | Temple   | Became a worshipper of Sif Muna the Loreminder
  7558 | D:8      | Noticed Harold
  7561 | D:8      | Noticed Psyche
  7579 | D:8      | Killed Psyche
  7580 | D:8      | Reached skill level 9 in Spellcasting
  7586 | D:8      | Killed Harold
  7587 | D:8      | Reached skill level 10 in Spellcasting
  7587 | D:8      | Reached skill level 10 in Conjurations
  7587 | D:8      | Reached XP level 9. HP: 31/46 MP: 4/25
  7589 | D:8      | Reached skill level 5 in Dodging
  7777 | D:8      | Reached skill level 1 in Fighting
  7895 | D:8      | HP: 1/47 [orc priest/divine providence (9)]
  8225 | D:8      | Found a burning altar of Makhleb.
  8269 | D:8      | Found Jecor's Antique Weapon Boutique.
  8275 | D:8      | Reached skill level 5 in Stealth
  8444 | D:8      | Reached * piety under Sif Muna
  8633 | D:8      | Learned a level 3 spell: Dazzling Flash
  8686 | D:8      | Found Saahetse's Jewellery Shop.
  8806 | D:8      | Reached skill level 11 in Spellcasting
  9243 | D:8      | Reached XP level 10. HP: 52/52 MP: 10/27
  9463 | D:9      | Reached skill level 1 in Armour
  9733 | D:9      | Noticed Erica
  9747 | D:9      | Killed Erica
 10044 | D:9      | Found a staircase to the Orcish Mines.
 10082 | D:7      | Reached skill level 12 in Spellcasting
 10559 | D:7      | Reached ** piety under Sif Muna
 11583 | D:10     | Entered Level 10 of the Dungeon
 11792 | D:10     | Noticed an ice dragon
 11793 | D:10     | Found the +8 frozen axe "Frostbite" {freezing cloud, *Noise
                  | +Fly rC+}
 11861 | D:10     | Reached XP level 11. HP: 42/56 MP: 17/29
 11882 | D:9      | HP: 2/56 [something (2)]
 11889 | D:9      | Mangled by a vampire

Illustrated notes

Levels and vault maps discovered:
D:1:      elethiomel_arrival_infinity_welcomes_careful_drivers, layout_basic
D:2:      minmay_diamond_boxcup, layout_basic, trog_book
D:3:      layout_loops_cross, grunt_decor_one_mirror
D:4:      layout_rooms, lemuel_round_altar, uniq_crazy_yiuf_cottage
D:5:      layout_basic, corexii_shack
D:6:      layout_loops_ring, basic_altar
D:7:      layout_rooms, minmay_temple_entry_nine_rooms, serial_shops,
          shop_statue
D:8:      layout_layer_cave, serial_shops, shop, shop, bloody_makhleb,
          uniq_psyche, uniq_harold
D:9:      layout_gridville, minmay_orc_entry_guard_dogs, uniq_erica
D:10:     minmay_coctagon, layout_long_grid
Temple:   compressed_dpeg_triangle_lava_temple

Skill      XL: |  1  2  3  4  5  6  7  8  9 10 |
---------------+-------------------------------+-----
Conjurations   | 5 6 7 10 11 | 11.6
Dodging        | 3 4 5 7 |  7.0
Spellcasting   | 4 5 6 7 10 11 12 | 12.5
Stealth        | 3 4 5 6 |  6.4
Staves         | 1 2 |  2.7
Fighting       | 1 |  1.3
Armour         | 4 |  4.2
Hexes          | 2 |  2.0
Short Blades   | |  0.2

Action                   |  1- 3 |  4- 6 |  7- 9 | 10-12 || total
-------------------------+-------+-------+-------+-------++-------
Melee: Dagger            |     8 |       |       |       ||     8
       Staff             |       |    29 |       |       ||    29
       Quarterstaff      |       |       |     6 |    13 ||    19
 Cast: Magic Dart        |    81 |    83 |   137 |    45 ||   346
       Searing Ray       |     3 |    17 |    44 |    48 ||   112
       Dazzling Flash    |       |       |       |     1 ||     1
  Use: Scroll            |     2 |     3 |     6 |     3 ||    14
       Potion            |       |       |     1 |     4 ||     5
Armor: Robe              |     2 |    21 |    14 |       ||    37
       Leather armour    |       |       |     2 |    50 ||    52
Dodge: Dodged            |    11 |    26 |    40 |   102 ||   179
